 Dungeon Crawl Stone Soup version 0.23.2-1-ga50397a (webtiles) character file.

Game seed: 8795459334155026186

261 Kahibar the Chopper (level 6, -5/53 HPs)
             Began as a Hill Orc Fighter on May 13, 2019.
             Slain by an ogre
             ... wielding a +0 giant spiked club
              (9 damage)
             ... on level 4 of the Dungeon.
             The game lasted 00:39:12 (4164 turns).

Kahibar the Chopper (Hill Orc Fighter)              Turns: 4164, Time: 00:39:13

Health: -5/53      AC: 12    Str: 19    XL:     6   Next: 18%
Magic:  6/6        EV:  8    Int:  8    God:
Gold:   119        SH:  9    Dex: 12    Spells: 5/5 levels left

rFire    x . .     SeeInvis +   a - +0 war axe
rCold    + . .     Gourm    .   c - +0 shield
rNeg     . . .     Faith    .   b - +0 scale mail
rPois    .         Spirit   .   r - +0 helmet
rElec    .         Reflect  .   t - +2 cloak {+Inv}
rCorr    .         Harm     .   w - +0 pair of gloves
MR       .....                  (no boots)
Stlth    ..........             (no amulet)
HPRegen  0.17/turn              d - ring of see invisible
MPRegen  0.10/turn              y - ring of ice

@: no status effects
A: no striking features
a: Evoke Invisibility


You were on level 4 of the Dungeon.
You were not hungry.

You visited 1 branch of the dungeon, and saw 4 of its levels.

You collected 119 gold pieces.

Inventory:

Hand Weapons
 a - a +0 war axe (weapon)
 i - a +2 quarterstaff of chaos
 A - a cursed -1 short sword
Missiles
 g - 21 sling bullets
 j - 8 poisoned needles (quivered)
 p - 158 stones
 s - 35 bolts
 I - 22 arrows
Armour
 b - a +0 scale mail (worn)
 c - a +0 shield (worn)
 q - a cursed +0 robe
 r - a +0 helmet (worn)
 t - a +2 cloak of invisibility (worn)
 w - a +0 pair of gloves (worn)
Jewellery
 d - a ring of see invisible (left hand)
 y - a ring of ice (right hand)
Scrolls
 k - 3 scrolls of remove curse {unknown}
 n - a scroll of fear {unknown}
 o - a scroll of amnesia {unknown}
 u - a scroll of enchant weapon {unknown}
 v - 2 scrolls of magic mapping {unknown}
 z - a scroll of immolation {unknown}
 C - a scroll of teleportation {unknown}
 F - a scroll of fog {unknown}
 H - a scroll of random uselessness {unknown}
Potions
 e - a potion of agility {unknown}
 h - a potion of brilliance {unknown}
 l - a potion of curing
 m - a potion of flight {unknown}
 x - a potion of resistance {unknown}
 B - a potion of heal wounds {unknown}
 E - 2 potions of might
 G - a potion of lignification {unknown}
Comestibles
 f - 4 rations
 D - 2 chunks of flesh


   Skills:
 + Level 4.4 Fighting
 + Level 4.9 Axes
 + Level 4.4 Armour
 + Level 1.2 Dodging
 + Level 0.1 Stealth
 + Level 4.7 Shields


You had 5 spell levels left.
You didn't know any spells.
Your spell library was empty.

Dungeon Overview and Level Annotations

Branches:
Dungeon (4/15)
 Temple: D:4-7

Altars:
The Shining One


Message History

The ogre is severely wounded.
The ogre hits you with a +0 giant spiked club!
Your shield prevents you from hitting the ogre.
The ogre is severely wounded.
The ogre barely misses you.
You hit the ogre.
The ogre is almost dead.
The ogre hits you with a +0 giant spiked club!
You are too injured to fight recklessly!
You are too injured to fight recklessly!
You are too injured to fight recklessly!
Number of times to repeat, then command key: You must enter the number of times for the command to repeat.
The ogre hits you with a +0 giant spiked club!
* * * LOW HITPOINT WARNING * * *
The ogre hits you with a +0 giant spiked club!
* * * LOW HITPOINT WARNING * * *
There is a stone staircase leading up, spattered with blood here.
The ogre hits you with a +0 giant spiked club!
You die...

##..##..........####
###(###...#........###
#..(....#.###.#..#...######
#..(....#.....#...##..>....
#..<....#...............#
#..(...............รท###
#.$.................#
#..............O....#
#.......#.......@..##
#.......##...##..>##
#.......###########
#########


You could see an ogre.

Vanquished Creatures
  A crimson imp (D:2)
  Crazy Yiuf (D:1)
  Terence (D:2)
  An iguana (D:2)
  Natasha (D:4)
  3 gnolls
  3 adders
  An ooze (D:3)
  A dart slug (D:3)
  4 leopard geckos
  An orc (D:3)
  5 giant cockroaches
  7 goblins
  7 hobgoblins
  2 jackals (D:3)
  8 kobolds
  2 ball pythons
  4 bats
  A frilled lizard (D:3)
  9 rats
63 creatures vanquished.

Notes
Turn   | Place    | Note
-------+----------+-------------------------------------------
     0 | D:1      | Kahibar the Hill Orc Fighter began the quest for the Orb.
     0 | D:1      | Reached XP level 1. HP: 19/19 MP: 1/1
   262 | D:1      | Reached XP level 2. HP: 25/27 MP: 2/2
   881 | D:2      | Reached XP level 3. HP: 33/33 MP: 3/3
  1424 | D:2      | Reached XP level 4. HP: 38/40 MP: 4/4
  1832 | D:2      | Noticed Terence
  1840 | D:2      | Reached skill level 1 in Dodging
  1852 | D:2      | Killed Terence
  1855 | D:2      | Reached XP level 5. HP: 29/46 MP: 5/5
  2343 | D:2      | Found a runed translucent door.
  2344 | D:2      | Noticed Crazy Yiuf
  2401 | D:1      | HP: 2/47 [poisoned by Crazy Yiuf]
  2655 | D:1      | Killed Crazy Yiuf
  3552 | D:3      | Reached XP level 6. HP: 53/53 MP: 6/6
  3690 | D:3      | Found a glowing golden altar of the Shining One.
  4045 | D:4      | Noticed Natasha
  4056 | D:4      | Killed Natasha
  4164 | D:4      | Slain by an ogre

Skill      XL: |  1  2  3  4  5 |
---------------+----------------+-----
Fighting       | 4 |  4.4
Axes           | 3 4 |  4.9
Shields        | 4 |  4.7
Dodging        | 1 |  1.2
Armour         | 4 |  4.4
Stealth        | |  0.1

Action                   |  1- 3 |  4- 6 || total
-------------------------+-------+-------++-------
Melee: War axe           |    78 |   168 ||   246
  Use: Potion            |       |     3 ||     3
       Scroll            |       |     4 ||     4
  Eat: Ration            |     1 |     1 ||     2
       Chunk             |       |     4 ||     4
Armor: Scale mail        |    38 |    75 ||   113
Dodge: Dodged            |    46 |    64 ||   110
Block: Shield            |    65 |    92 ||   157
